 Dungeon Crawl Stone Soup version 0.23.2-40-g277498a001 (webtiles) character file.

Game seed: 18261033493373557831

127 Flortec the Poker (level 4, 0/37 HPs)
             Began as a Draconian Skald on Sept 13, 2019.
             Slain by a worm (8 damage)
             ... on level 3 of the Dungeon on Sept 23, 2019.
             The game lasted 00:18:40 (1956 turns).

Flortec the Poker (Draconian Skald)                 Turns: 1956, Time: 00:18:40

Health: 0/37       AC:  5    Str: 14    XL:     4   Next: 85%
Magic:  7/7        EV: 13    Int: 13    God:
Gold:   105        SH:  0    Dex: 11    Spells: 4/7 levels left

rFire    . . .     SeeInvis .   a - +0 spear
rCold    . . .     Gourm    .   (no shield)
rNeg     . . .     Faith    .   (armour unavailable)
rPois    .         Spirit   .   (helmet restricted)
rElec    .         Reflect  .   (no cloak)
rCorr    .         Harm     .   (no gloves)
MR       .....                  (no boots)
Stlth    +.........             f - amulet of the acrobat
HPRegen  0.12/turn              v - ring of attention (curse)
MPRegen  0.10/turn              (no ring)

@: no status effects
A: unfitting armour, cold-blooded, AC +5
a: no special abilities


You were on level 3 of the Dungeon.
You were not hungry.

You visited 1 branch of the dungeon, and saw 3 of its levels.

You collected 105 gold pieces.

Inventory:

Hand Weapons
 a - a +0 spear (weapon)
 q - a +2 short sword of speed
 r - a +0 trident
Missiles
 c - 24 arrows
 h - 41 stones (quivered)
Armour
 e - a +0 leather armour
 s - a +0 chain mail
Jewellery
 f - an amulet of the acrobat (around neck)
 v - a cursed ring of attention (left hand)
Scrolls
 b - 2 scrolls of enchant armour {unknown}
 d - 2 scrolls of teleportation {unknown}
 k - a scroll of remove curse {unknown}
 o - a scroll of noise {unknown}
 p - a scroll of magic mapping {unknown}
 u - 2 scrolls of identify {unknown}
Potions
 g - a potion of haste {unknown}
 i - a potion of invisibility {unknown}
 j - a potion of flight {unknown}
 m - a potion of ambrosia {unknown}
 n - a potion of degeneration {unknown}
 t - a potion of lignification {unknown}
Comestibles
 l - a ration


   Skills:
 + Level 2.4 Fighting
 + Level 3.4 Polearms
 * Level 2.9 Dodging
 * Level 1.4 Stealth
 + Level 2.2 Spellcasting
 + Level 3.1 Charms


You had 4 spell levels left.
You knew the following spells:

 Your Spells              Type           Power        Failure   Level  Hunger
a - Infusion              Chrm           #...         7%          1    ##.....
b - Song of Slaying       Chrm           #.......     11%         2    ###....

Your spell library contained the following spells:

 Spells                   Type           Power        Failure   Level  Hunger
 Shroud of Golubria       Chrm/Tloc      #.........   21%         2    ###....
 Regeneration             Chrm/Necr      #.........   36%         3    ####...
 Spectral Weapon          Hex/Chrm       #.......     36%         3    ####...


Dungeon Overview and Level Annotations

Branches:
Dungeon (3/15)

Altars:


Innate Abilities, Weirdness & Mutations

Your plain brown scales are hard. (AC +5)
You cannot fit into any form of body armour.
You are cold-blooded and may be slowed by cold attacks.


Message History

[Y]es or [N]o only, please.
Really attack barehanded? [Y]es or [N]o only, please.
Really attack barehanded? [Y]es or [N]o only, please.
Really attack barehanded? [Y]es or [N]o only, please.
Really attack barehanded? [Y]es or [N]o only, please.
Really attack barehanded?
Okay, then.
a - a +0 spear (weapon)
You hit the worm.
The worm is lightly wounded.
The worm completely misses you.
You hit the worm but do no damage. You hit the worm.
The worm is moderately wounded.
The worm bites you!
You die...

######## #...@w.#
##### #.####.#
#...###.####.##.###
#.#..w.............#
#...###.####.##.##.#
######.## #<# ##.#
..
#...##†####......#
##
##...........######
#.......####.#


You could see a worm.

Vanquished Creatures
  Natasha (twice) (D:2)
  An adder (D:2)
  2 oozes
  A worm (D:3)
  2 dart slugs
  2 leopard geckos
  An orc (D:2)
  4 giant cockroaches
  6 goblins
  6 hobgoblins
  5 jackals
  4 kobolds
  2 quokkas (D:2)
  3 bats
  3 frilled lizards
  5 rats
49 creatures vanquished.

Notes
Turn   | Place    | Note
-------+----------+-------------------------------------------
     0 | D:1      | Flortec the Draconian Skald began the quest for the Orb.
     0 | D:1      | Reached XP level 1. HP: 17/17 MP: 3/3
   340 | D:1      | Reached XP level 2. HP: 24/24 MP: 5/5
   961 | D:2      | Reached XP level 3. HP: 18/29 MP: 6/6
  1256 | D:2      | Learned a level 2 spell: Song of Slaying
  1276 | D:2      | Noticed Natasha
  1300 | D:2      | Killed Natasha
  1300 | D:2      | Reached skill level 1 in Stealth
  1300 | D:2      | Reached XP level 4. HP: 21/37 MP: 5/7
  1566 | D:2      | Noticed Natasha
  1579 | D:2      | Killed Natasha
  1896 | D:3      | HP: 1/37 [worm (5)]
  1956 | D:3      | Slain by a worm

Skill      XL: |  1  2  3 |
---------------+----------+-----
Charms         | 3 |  3.1
Polearms       | 3 |  3.4
Stealth        | 1 |  1.4
Fighting       | |  2.4
Dodging        | |  2.9
Spellcasting   | |  2.2

Action                   |  1- 3 |  4- 6 || total
-------------------------+-------+-------++-------
Melee: Spear             |   117 |    89 ||   206
       Tailslap          |     8 |     9 ||    17
Throw: Stone             |     1 |       ||     1
 Cast: Infusion          |     2 |     2 ||     4
 Stab: Sleeping          |     1 |     1 ||     2
  Eat: Ration            |     1 |       ||     1
Armor: Skin              |    23 |    19 ||    42
Dodge: Dodged            |    72 |    67 ||   139
